Map: Invader LE

Players

ToheiSensei - Winner!

  • Race: Zerg Zerg

capac

  • Race: Terran Terran
  • League: Gold

VOD

Have the link to the VOD?

Description

Time

  • Played on: April 26, 2016, 3:05 p.m.
  • Length: 21:08
Show
View Real Time Build Order
Export as new Build Order

ToheiSensei Zerg - Winner!

Build Orders: Hatch First, Muta Ling Bane 

Get SALT Encoding   

  12  0:01  Drone  
  13  0:08  Drone  
  14  0:18  Overlord  
  14  0:37  Drone x3  
  17  0:57  Hatchery  
  16  1:07  Spawning Pool  
  16  1:11  Extractor  
  14  1:12  Drone  
  14  1:15  Drone  
  16  1:19  Drone  
  17  1:27  Overlord  
  17  1:53  Drone  
  18  1:54  Queen  
  18  1:59  Zergling x2  
  18  2:00  Drone  
  22  2:10  Queen  
  22  2:13  Metabolic Boost  
  22  2:15  Drone x2  
  26  2:20  Drone  
  26  2:21  Drone  
  28  2:28  Drone  
  29  2:37  Drone  
  29  2:40  Overlord  
  29  2:41  Drone  
  31  2:52  Drone  
  31  2:53  Drone  
  33  3:05  Drone  
  33  3:07  Queen  
  35  3:30  Zergling x4  
  35  3:32  Drone  
  39  3:34  Drone x3  
  39  3:35  Overlord x2  
  41  3:45  Extractor  
  41  3:48  Spore Crawler  
  39  4:07  Hatchery, Drone x6  
  39  4:08  Drone  
  45  4:12  Extractor  
  45  4:15  Extractor  
  43  4:23  Lair  
  43  4:28  Pneumatized Carapace  
  43  4:34  Drone  
  43  4:35  Drone x2  
  46  4:40  Drone x3  
  46  4:41  Drone x2  
  51  4:53  Drone x3  
  54  5:02  Evolution Chamber  
  54  5:05  Evolution Chamber  
  52  5:15  Overlord x2  
  52  5:23  Hatchery  
  52  5:24  Queen  
  52  5:27  Drone x7  
  60  5:35  Drone x2  
  62  5:38  Overseer  
  62  5:41  Drone x3  
  65  5:52  Drone x2  
  65  5:53  Zergling x4, Drone x3  
  72  6:06  Zerg Ground Armor Level 1, Zerg Melee Weapons Level 1  
  72  6:11  Burrow  
  72  6:15  Spire  
  71  6:18  Drone  
  71  6:19  Drone x4  
  71  6:22  Extractor  
  71  6:24  Extractor  
  74  6:35  Spine Crawler  
  74  6:36  Drone x2  
  74  6:37  Overlord, Drone  
  74  6:38  Overlord x2  
  74  6:39  Overlord x2  
  76  6:52  Queen  
  78  7:04  Baneling Nest  
  77  7:28  Spore Crawler  
  76  7:32  Zerg Flyer Weapons Level 1, Mutalisk x6  
  76  7:33  Mutalisk x10  
  108  8:14  Hatchery  
  105  8:36  Zergling x8  
  105  8:37  Zergling x14  
  105  8:38  Zergling x8  
  113  8:44  Queen  
  93  9:28  Hatchery  
  93  9:29  Spore Crawler  
  91  9:35  Extractor  
  90  9:53  Baneling x7  
  90  9:54  Centrifical Hooks, Baneling x4  
  90  10:01  Zerg Flyer Weapons Level 2  
  90  10:05  Zerg Melee Weapons Level 2, Zerg Ground Armor Level 2  
  89  10:27  Hatchery  
  88  10:34  Drone  
  88  10:35  Drone x11  
  97  10:36  Drone x10  
  97  10:38  Overlord x6  
  110  10:47  Infestation Pit  
  108  11:06  Overseer  
  108  11:13  Extractor  
  108  11:14  Extractor  
  106  11:19  Spore Crawler  
  106  11:21  Spine Crawler  
  106  11:23  Queen  
  106  11:24  Spine Crawler  
  105  11:26  Drone  
  105  11:27  Drone x13  
  117  12:05  Zergling x2  
  117  12:06  Zergling x34  
  117  12:07  Zergling x8, Baneling  
  117  12:08  Baneling x3  
  137  12:16  Queen  
  137  12:19  Hive  
  139  12:23  Pathogen Glands  
  139  12:46  Queen, Extractor  
  139  12:47  Extractor  
  139  12:57  Overlord x2  
  129  13:00  Corruptor x8  
  145  13:26  Baneling x8  
  145  13:27  Baneling x2  
  145  13:30  Infestor  
  145  13:31  Infestor x2  
  151  13:55  Spore Crawler  
  150  13:58  Spore Crawler  
  149  14:07  Zergling x2  
  116  14:33  Corruptor x3  
  116  14:34  Corruptor x3  
  116  14:36  Corruptor x2  
  116  14:37  Corruptor x3  
  130  14:42  Drone x5  
  120  15:01  Hatchery  
  120  15:02  Extractor  
  106  15:16  Hatchery  
  106  15:20  Ultralisk Cavern  
  102  15:30  Zergling x16  
  102  15:31  Zergling x24  
  120  15:45  Zergling x8  
  120  15:46  Zergling x16  
  132  15:50  Baneling x2  
  132  15:51  Baneling x2  
  132  15:53  Baneling x2  
  132  16:06  Adrenal Glands  
  132  16:09  Chitinous Plating  
  132  16:11  Greater Spire  
  132  16:13  Ultralisk x8  
  180  16:27  Overlord x6  
  180  16:37  Hatchery x2  
  180  16:39  Baneling  
  178  16:40  Baneling x14  
  178  16:41  Baneling x6  
  178  17:17  Drone  
  178  17:18  Drone x10  
  141  18:08  Baneling x11  
  141  18:10  Ultralisk x8  
  141  18:11  Ultralisk x2  
  145  18:46  Drone x5  
  145  18:47  Drone x6  
  156  18:55  Queen  
  158  19:26  Extractor  
  158  19:29  Zergling x2  
  158  19:30  Queen, Zergling x36, Extractor  
  177  20:00  Baneling  
  177  20:01  Baneling x6  
  177  20:02  Baneling x6  
  177  20:03  Baneling x7  
  177  20:04  Zergling x24  
  177  20:05  Hatchery, Zergling x24  
  196  20:43  Extractor  
  196  20:44  Extractor  
Show
View Real Time Build Order
Export as new Build Order

capac Terran 

Build Orders: Reaper Expand, MMM Bio 

Get SALT Encoding   

  12  0:01  SCV  
  13  0:13  SCV  
  14  0:19  Supply Depot  
  14  0:25  SCV  
  15  0:40  SCV  
  15  0:42  Barracks  
  16  0:46  Refinery  
  16  0:53  SCV  
  17  1:05  SCV  
  18  1:17  SCV  
  19  1:30  Orbital Command  
  19  1:31  Reaper  
  20  1:43  Command Center  
  20  1:50  Supply Depot  
  20  1:55  SCV  
  21  2:03  Marine  
  21  2:08  SCV  
  23  2:17  Factory  
  23  2:24  Refinery, Barracks  
  23  2:28  Barracks Reactor  
  23  2:42  SCV  
  24  2:44  Barracks  
  24  2:55  SCV  
  25  3:09  SCV  
  25  3:10  Orbital Command  
  26  3:15  Marine  
  26  3:16  Marine  
  26  3:17  Barracks Tech Lab  
  28  3:25  Factory Tech Lab, Bunker  
  28  3:31  Engineering Bay, Marine  
  28  3:33  Marine  
  28  3:34  SCV  
  31  3:45  SCV  
  32  3:52  SCV  
  32  3:54  Marine x2  
  34  3:56  Barracks Reactor  
  34  3:57  Stimpack  
  34  4:01  Terran Infantry Weapons Level 1  
  34  4:14  Supply Depot  
  34  4:17  SCV x2  
  34  4:21  Marine x3  
  39  4:25  Supply Depot  
  39  4:36  Missile Turret  
  39  4:37  SCV x2  
  41  4:38  Marine x2  
  41  4:39  Marine  
  41  4:40  Marine  
  41  4:45  Marine  
  46  4:55  SCV x2  
  46  4:57  Supply Depot  
  46  4:58  Marine x2  
  46  4:59  Marine x2  
  52  5:12  SCV x2  
  54  5:14  Starport  
  54  5:19  Armory  
  54  5:21  Engineering Bay  
  54  5:24  SCV x2  
  54  5:25  Siege Tank  
  59  5:36  Marine x2, SCV x2  
  59  5:37  Marine x3  
  59  5:40  Supply Depot  
  66  5:53  Refinery  
  66  5:54  Starport Reactor  
  66  5:55  Refinery  
  66  6:06  Terran Infantry Weapons Level 2  
  66  6:07  Terran Infantry Armor Level 1  
  66  6:13  Barracks Reactor  
  66  6:15  Combat Shields  
  66  6:17  Barracks  
  69  6:21  Medivac  
  68  6:30  Medivac  
  70  6:40  SCV x2  
  70  6:41  Marine x3  
  75  6:57  SCV x2  
  75  6:59  Marine  
  78  7:06  Barracks  
  78  7:15  Supply Depot  
  78  7:16  Supply Depot  
  78  7:24  Barracks Reactor  
  78  7:36  Marine x5, Siege Tank  
  86  7:43  Command Center  
  86  7:54  Marine x4  
  86  7:55  Medivac x2  
  94  8:07  Barracks Reactor  
  94  8:13  Supply Depot, Marine x3  
  94  8:14  Supply Depot  
  94  8:16  Terran Infantry Armor Level 2  
  94  8:18  Terran Ship Weapons Level 1  
  82  8:52  Missile Turret  
  82  8:53  Missile Turret  
  59  9:12  SCV x2  
  59  9:14  Liberator x2  
  59  9:16  Marine  
  52  9:17  Marine x6  
  58  9:24  SCV x2  
  58  9:29  Orbital Command  
  60  9:34  Marine x2  
  60  9:35  Marine x2  
  60  9:36  SCV  
  72  9:41  Supply Depot, Starport  
  71  9:45  Barracks Reactor  
  71  9:46  Barracks Reactor  
  71  9:58  Missile Turret  
  71  10:14  Marine x3  
  71  10:15  Marine x2  
  76  10:23  Starport Reactor  
  76  10:28  Terran Infantry Weapons Level 3  
  76  10:31  Orbital Command  
  76  11:03  Liberator x4  
  76  11:22  Marine  
  76  11:23  Marine x6  
  95  11:30  SCV x2  
  96  11:55  Liberator  
  96  11:56  Liberator x2  
  105  12:33  SCV x3  
  105  12:36  Refinery  
  108  12:37  Refinery  
  108  13:15  Terran Infantry Armor Level 3  
  108  13:18  Supply Depot x2  
  108  13:27  Barracks  
  108  13:29  Barracks  
  108  13:32  Barracks  
  108  13:34  Barracks  
  108  13:50  Marine  
  108  13:51  Marine x8  
  117  13:57  Medivac x2  
  121  14:08  Marine  
  121  14:09  Marine x8  
  122  14:26  Marine x2  
  122  14:27  Marine x7  
  114  14:44  Marine x4  
  96  15:13  Marine  
  97  15:14  Marine x8  
  105  15:31  Marine  
  105  15:32  Marine x8  
  114  15:49  Marine  
  115  15:50  Marine x8  
  115  15:56  Liberator x2  
  115  15:57  Liberator x2  
  123  15:58  Terran Ship Weapons Level 2  
  123  16:17  SCV x3  
  138  16:29  Barracks Reactor  
  138  16:30  Barracks Reactor x2  
  138  16:43  Liberator x2  
  96  18:03  Medivac  
  96  18:04  Medivac x3  
  82  18:21  Marine  
  82  18:22  Marine  
  84  18:33  Medivac  
  84  18:34  Marine, Medivac  
  69  18:35  Marine x6  
  69  18:39  Marine  
  69  18:40  Marine  
  61  18:45  SCV  
  62  18:52  Marine  
  62  18:53  Marine x6  
  69  18:57  Marine x2  
  71  19:10  Marine x4  
  71  19:11  Marine x2  
  77  19:32  Liberator x3  
  86  19:59  SCV x2  
  88  20:11  SCV x2  
  90  20:23  SCV  
  91  20:35  Orbital Command  
Tags
 
Add a new tag
Caveats
  • Supply blocks, unpowered buildings, or Contaminate may cause inaccurate times.
  • Supply counts are checked every 10 seconds.